 Dungeon Crawl Stone Soup version 0.27-a0-604-g29a88b33a7 (webtiles) character file.

Game seed: 7993565867744595189

890 robertstho the Quickloader (level 8, -3/48 HPs)
             Began as a Kobold Hunter on Mar 12, 2021.
             Was an Initiate of Okawaru.
             Slain by an ogre
             ... wielding a +0 giant spiked club
              (22 damage)
             ... on level 6 of the Dungeon.
             The game lasted 00:07:49 (5171 turns).

robertstho the Quickloader (Kobold Hunter)          Turns: 5171, Time: 00:07:49

Health: -3/48      AC: 15    Str: 12    XL:     8   Next: 27%
Magic:  7/7        EV: 12    Int: 21    God:    Okawaru [......]
Gold:   237        SH:  0    Dex: 16    Spells: 7/7 levels left

rFire    . . .     SeeInvis .   e - +0 spear
rCold    . . .     Faith    .   (shield restricted)
rNeg     . . .     Spirit   .   m - +2 scale mail "Baisyp" {Int+8}
rPois    .         Reflect  .   (no helmet)
rElec    .         Harm     .   (no cloak)
rCorr    .         Rampage  .   (no gloves)
Will     .....                  g - +2 pair of boots
Stlth    ++........             j - amulet of regeneration
HPRegen  1.16/turn              k - +4 ring of protection
MPRegen  0.10/turn              (no ring)

@: no status effects
A: small, hooves 1, low mp 1, nightstalker 3, strong 1
a: Renounce Religion


You were on level 6 of the Dungeon.
You worshipped Okawaru.
Okawaru was noncommittal.
You visited 2 branches of the dungeon, and saw 7 of its levels.

You collected 237 gold pieces.

Inventory:

Hand Weapons
 a - a +1 hand crossbow
 b - a +0 short sword
 e - a +0 spear (weapon)
Missiles
 l - 27 bolts
Armour
 g - a +2 pair of boots (worn)
 m - the +2 scale mail "Baisyp" (worn) {Int+8}
   (You found it on level 4 of the Dungeon)

   It affects your intelligence (+8).
Jewellery
 j - an amulet of regeneration (around neck)
 k - a +4 ring of protection (right hand)
Scrolls
 c - 2 scrolls of fear {unknown}
 h - a scroll of enchant weapon {unknown}
 i - 2 scrolls of teleportation
Potions
 d - a potion of ambrosia


   Skills:
 * Level 4.7 Fighting
 + Level 2.4 Polearms
 * Level 8.1 Crossbows
 + Level 2.2 Armour
 + Level 3.1 Dodging
 * Level 4.3 Stealth
 * Level 1.1 Invocations


You had 7 spell levels left.
You didn't know any spells.
Your spell library contained the following spells:

 Spells                   Type           Power      Damage    Failure   Level
 Animate Skeleton         Necr           0%         N/A       67%         1
 Apportation              Tloc           0%         N/A       67%         1
 Corona                   Hex            0%         N/A       67%         1
 Sandblast                Erth           0%         2d4       67%         1
 Summon Small Mammal      Summ           0%         N/A       67%         1
 Passwall                 Tmut/Erth      0%         N/A       80%         2
 Stone Arrow              Conj/Erth      0%         3d7       95%         3
 Petrify                  Tmut/Erth      0%         N/A       100%        4
 Lee's Rapid Deconstruct  Erth           0%         3d5*      100%        5


Dungeon Overview and Level Annotations

Branches:
Dungeon (6/15)             Temple (1/1) D:5

Altars:
Ashenzari
Dithmenos
Elyvilon
Fedhas
Gozag
Hepliaklqana
Kikubaaqudgha
Makhleb
Nemelex Xobeh
Okawaru
Qazlal
Ru
Sif Muna
Vehumet
Wu Jian
Xom
Yredelemnul
Zin
The Shining One


Innate Abilities, Weirdness & Mutations

You are small and have problems with some larger weapons.
You are completely attuned to the shadows.
You have large cloven feet.
Your magical capacity is low. (-10% MP)
Your muscles are strong. (Str +2)


Message History

An ogre is nearby!
An ogre is nearby!
An ogre is nearby!
You hit the ogre.
The ogre is lightly wounded.
The ogre hits you with a +0 giant spiked club!
You hit the ogre but do no damage.
The ogre is lightly wounded.
You closely miss the ogre.
The ogre is lightly wounded.
The ogre hits you with a +0 giant spiked club!!
You are too injured to fight recklessly!
You are too injured to fight recklessly!
You are too injured to fight recklessly!
You feel much better. The ogre misses you.
You completely miss the ogre.
The ogre is lightly wounded.
You hit the ogre.
The ogre is moderately wounded.
The ogre barely misses you.
You hit the ogre.
The ogre is moderately wounded.
The ogre hits you but does no damage.
You hit the ogre.
The ogre is moderately wounded.
The ogre closely misses you.
You hit the ogre.
The ogre is heavily wounded.
You hit the ogre.
The ogre is severely wounded.
The ogre hits you with a +0 giant spiked club!!
Ouch! That really hurt!
* * * LOW HITPOINT WARNING * * *
You are too injured to fight recklessly!
You are too injured to fight recklessly!
You are too injured to fight recklessly!
You are too injured to fight recklessly!
You feel better.
The ogre hits you with a +0 giant spiked club!!
You die...

.....##..##..##...#######
.....##..##..#....##....###
.....#...#...#.............
.....#...#...##...##.......
.....##..##..##...##..#####
.....###+##.......##..#########
.....#............#...........#
.....##......##...##..........#..
###'###..##..##.@.##..######..##.
.....##..##.....O.##..##.###..##.
..........#.......#.......#...##.
..........# ......#.......#...##.
..........# .##...##.....####'##.
.....##..## #.....###..##.
.....##..# ..............
........ .##).###


You could see an ogre.

Vanquished Creatures
  Sigmund (D:3)
  Eustachio (D:6)
  2 ogres
  Blork the orc (D:4)
  A centaur zombie (D:5)
  A hound (D:5)
  An orc priest (D:5)
  Natasha (twice) (D:3)
  10 adders
  3 white imps
  An ufetubus (D:5)
  2 oozes
  An adder skeleton (D:4)
  2 worms
  2 dart slugs
  3 leopard geckos
  5 orcs
  9 giant cockroaches
  6 goblins
  3 hobgoblins
  8 jackals
  5 kobolds
  4 quokkas
  3 ball pythons
  6 bats
  4 frilled lizards
  A leopard gecko skeleton (D:4)
  A quokka skeleton (D:4)
  A quokka zombie (D:6)
  10 rats
100 creatures vanquished.

Notes
Turn   | Place    | Note
-------+----------+-------------------------------------------
     0 | D:1      | robertstho the Kobold Hunter began the quest for the Orb.
     0 | D:1      | Reached XP level 1. HP: 12/12 MP: 1/1
    75 | D:1      | Reached skill level 5 in Crossbows
   267 | D:1      | Reached XP level 2. HP: 17/17 MP: 2/2
   736 | D:2      | Reached XP level 3. HP: 21/21 MP: 3/3
  1146 | D:2      | Reached skill level 6 in Crossbows
  1146 | D:2      | Reached XP level 4. HP: 27/27 MP: 4/4
  1429 | D:2      | Gained mutation: Your magical capacity is low. (-10% MP)
                  | [potion of mutation]
  1429 | D:2      | Gained mutation: Your muscles are strong. (Str +2) [potion
                  | of mutation]
  1429 | D:2      | Gained mutation: You have large cloven feet. [potion of
                  | mutation]
  1824 | D:3      | Found a broken altar of Ashenzari.
  2002 | D:3      | Reached XP level 5. HP: 27/31 MP: 4/4
  2046 | D:3      | Noticed Sigmund
  2057 | D:3      | Killed Sigmund
  2058 | D:3      | Reached skill level 7 in Crossbows
  2058 | D:3      | Reached skill level 1 in Armour
  2058 | D:3      | Reached XP level 6. HP: 37/37 MP: 5/5
  2288 | D:3      | Found a faded altar of an unknown god.
  2370 | D:3      | HP: 1/37 [worm (1)]
  2775 | D:3      | Noticed Natasha
  2788 | D:3      | Killed Natasha
  3053 | D:3      | Noticed Natasha
  3061 | D:3      | Killed Natasha
  3383 | D:4      | Reached skill level 1 in Polearms
  3383 | D:4      | Reached XP level 7. HP: 39/42 MP: 6/6
  3404 | D:4      | Noticed Blork the orc
  3426 | D:4      | Killed Blork the orc
  3671 | D:4      | Identified the +2 scale mail "Baisyp" {Int+8}
  4166 | D:5      | Entered Level 5 of the Dungeon
  4376 | D:5      | Found a staircase to the Ecumenical Temple.
  4504 | Temple   | Entered the Ecumenical Temple
  4659 | Temple   | Became a worshipper of Warmaster Okawaru
  5007 | D:6      | Noticed Eustachio
  5023 | D:6      | Killed Eustachio
  5024 | D:6      | Reached skill level 8 in Crossbows
  5024 | D:6      | Reached XP level 8. HP: 48/48 MP: 7/7
  5146 | D:6      | Reached skill level 1 in Invocations
  5171 | D:6      | Slain by an ogre

Illustrated notes

Levels and vault maps discovered:
D:1:      scummos_arrival_hexagon, layout_rooms
D:2:      layout_loops_ring, minmay_heptomino_h4
D:3:      layout_loops_corners, chequers_ecumenical_altar_twisty,
          minmay_misc_feat_rows, cheibrodos_ashenzari_chains, uniq_natasha,
          uniq_sigmund
D:4:      layout_loops_ring, uniq_blork_the_orc
D:5:      layout_cave_pools, minmay_temple_entry_waves
D:6:      layout_gridville, kennysheep_mini, uniq_eustachio
Temple:   nicolae_temple_the_god_donut

Skill      XL: |  1  2  3  4  5  6  7  8 |
---------------+-------------------------+-----
Crossbows      | 5 6 7 8 |  8.1
Stealth        | 2 3 4 |  4.3
Fighting       | 3 4 |  4.7
Armour         | 1 2 |  2.2
Polearms       | 1 2 |  2.4
Dodging        | 3 |  3.1
Invocations    | 1 |  1.1

Action                   |  1- 3 |  4- 6 |  7- 9 || total
-------------------------+-------+-------+-------++-------
Melee: Spear             |       |   146 |   276 ||   422
 Fire: Hand crossbow     |    56 |    45 |     5 ||   106
  Use: Scroll            |     2 |     2 |     1 ||     5
       Potion            |       |     6 |     5 ||    11
 Stab: Invisible         |       |     1 |       ||     1
       Sleeping          |       |       |    10 ||    10
Armor: Leather armour    |     2 |       |       ||     2
       Chain mail        |     7 |    93 |    25 ||   125
       Skin              |       |     3 |       ||     3
       Scale mail        |       |       |    91 ||    91
Dodge: Dodged            |     8 |    71 |   156 ||   235

Table legend: (Time is in decaauts)
 A = Elapsed time spent in this place.
 B = Non-inter-level travel time spent in this place.
 C = Inter-level travel time spent in this place.
 D = Time resting spent in this place.
 E = Time spent auto-exploring this place.
 F = Levels seen in this place.
 G = Mean time per level.
                   A        B        C        D        E       F      G
               +--------+--------+--------+--------+--------+-----+--------+
         Total |   5219 |   5025 |    194 |    168 |   3846 |   7 |  745.6 |
       Dungeon |   5039 |   4900 |    139 |    168 |   3727 |   6 |  839.8 |
        Temple |    179 |    124 |     55 |      0 |    119 |   1 |  179.0 |
               +--------+--------+--------+--------+--------+-----+--------+

Top non-repeatable levels by time:
     D:3: 1566 daAuts
     D:2: 1044 daAuts
     D:4: 941 daAuts
     D:1: 660 daAuts
     D:6: 438 daAuts
     D:5: 388 daAuts
  Temple: 179 daAuts
